 Dungeon Crawl Stone Soup version 0.30-a0-445-g92f4fb2d71 (webtiles) character file.

Game seed: 6054969707916073297

141 Ravini the Covered (level 5, 0/41 HPs)
             Began as a Human Fighter on Dec 10, 2022.
             Was a Believer of Lugonu.
             Slain by a goblin
             ... wielding a +0 dagger
             ... led by Robin
              (2 damage)
             ... on level 3 of the Dungeon on Dec 11, 2022.
             The game lasted 00:17:36 (2371 turns).

Ravini the Covered (Human Fighter)                  Turns: 2371, Time: 00:17:40

Health: 0/41       AC:  8    Str: 16 (18) XL:     5   Next: 48%
Magic:  5/5        EV:  9    Int:  8      God:    Lugonu [**....]
Gold:   89         SH:  5    Dex: 13      Spells: 4/4 levels left

rFire   . . .      SeeInvis .    a - +0 long sword
rCold   . . .      Faith    .    c - +0 buckler
rNeg    . . .      Spirit   .    b - +0 scale mail
rPois   .          Reflect  .    (no helmet)
rElec   .          Harm     .    (no cloak)
rCorr   .          Rampage  .    (no gloves)
Will    .....                    h - +0 pair of boots
Stlth   ..........               (no amulet)
HPRegen 0.26/turn                (no ring)
MPRegen 0.09/turn                (no ring)

@: no status effects
A: no striking features
a: Renounce Religion, Depart the Abyss, Banish


You were on level 3 of the Dungeon.
You worshipped Lugonu.
Lugonu was pleased with you.
You visited 1 branch of the dungeon, and saw 3 of its levels.

You collected 89 gold pieces.

Inventory:

Hand Weapons
 a - a +0 long sword (weapon)
 e - a +0 whip
 i - a +0 short sword
 j - a +0 mace
 l - a +0 halberd
 m - a +0 sling
 q - a +1 short sword of venom
Missiles
 g - 27 stones (quivered)
Armour
 b - a +0 scale mail (worn)
 c - a +0 buckler (worn)
 d - a +0 ring mail
 f - a +0 robe
 h - a +0 pair of boots (worn)
 k - a +0 leather armour
Scrolls
 o - a scroll of identify


   Skills:
 + Level 3.6 Fighting
 + Level 3.6 Long Blades
 + Level 3.8 Armour
 + Level 0.4 Dodging
 + Level 3.4 Shields


You had 4 spell levels left.
You didn't know any spells.
Your spell library contained the following spells:

 Spells                   Type           Power      Damage    Failure   Level
 Foxfire                  Conj/Fire      0%         2x1d4     89%         1
 Ensorcelled Hibernation  Hex/Ice        0%         N/A       96%         2
 Momentum Strike          Conj/Tloc      0%         3d8       96%         2
 Passwall                 Tmut/Erth      0%         N/A       96%         2
 Swiftness                Air            0%         N/A       99%         3
 Fireball                 Conj/Fire      0%         3d3       100%        5
 Starburst                Conj/Fire      0%         6d3       100%        6


Dungeon Overview and Level Annotations

Branches:
Dungeon (3/15)

Altars:
Lugonu


Message History

You closely miss the goblin.
The goblin is heavily wounded.
The goblin barely misses you. The goblin hits you but does no damage.
You slash the goblin!
You kill the goblin!
Lugonu accepts your kill. The goblin misses you.
You hit Robin but do no damage. You block Robin's attack.
The goblin barely misses you. The goblin hits you but does no damage.
Robin barely misses you.
You hit Robin but do no damage. Robin hits you but does no damage.
You block the goblin's attack.
You completely miss Robin. Robin misses you.
The goblin hits you with a +0 dagger.
You hit Robin.
Robin is moderately wounded.
Robin barely misses you. You block the goblin's attack.
You closely miss Robin.
Robin is moderately wounded.
The hobgoblin no longer looks unusually strong.
Robin hits you with a +0 dagger. The goblin hits you but does no damage.
Robin roars a battlecry!
The hobgoblin goes into a battle-frenzy!
You block the goblin's attack.
As you read the scroll of immolation, it crumbles to dust.
The creatures around you are filled with an inner flame!
Robin completely misses you. You block the goblin's attack.
You slash Robin!
Flame seeps out of Robin.
Robin is almost dead.
Robin is engulfed in blazing flames.
Lugonu accepts your kill.
Robin explodes!
The fiery explosion engulfs the hobgoblin!!
Lugonu accepts your kill. The fiery explosion engulfs you!!
Ouch! That really hurt!
* * * LOW HITPOINT WARNING * * *
The hobgoblin explodes!
The goblin hits you with a +0 dagger.
You die...

..# #.# #.# #.#
#§# #§# .h.# #○#
#..# #@# #..#
####g###### #..#
###...........
#..#
#...##.#.#####
##..# ###.####.#.#
...÷# #...# #.# #
###)# ###.### #.#
<...###...# #.#
#.)...>.########.#


You could see a goblin (inner flame, strong).

Vanquished Creatures
  Jessica (D:2)
  Robin (D:3)
  4 gnolls
  An adder (D:2)
  A worm (D:2)
  2 dart slugs
  8 orcs
  4 endoplasms
  4 giant cockroaches
  6 hobgoblins
  A jackal (D:3)
  2 kobolds
  A quokka (D:2)
  2 ball pythons (D:1)
  3 bats
  A frilled lizard (D:2)
  9 goblins
  3 rats
54 creatures vanquished.

Notes
Turn   | Place    | Note
-------+----------+-------------------------------------------
     0 | D:1      | Ravini the Human Fighter began the quest for the Orb.
     0 | D:1      | Reached XP level 1. HP: 18/18 MP: 1/1
    19 | D:1      | Reached XP level 2. HP: 14/24 MP: 2/2
   320 | D:1      | Reached XP level 3. HP: 28/29 MP: 3/3
   730 | D:1      | Found a faded altar of an unknown god.
   968 | D:1      | Prayed at the altar of an unknown god.
   968 | D:1      | Became a worshipper of Lugonu the Unformed
   968 | D:1      | Reached * piety under Lugonu
   968 | D:1      | Reached ** piety under Lugonu
  1263 | D:2      | Reached XP level 4. HP: 35/35 MP: 4/4
  1407 | D:2      | Noticed Jessica
  1414 | D:2      | Killed Jessica
  1433 | D:2      | Got Jessica's Monograph on Wanderlust
  1601 | D:2      | Reached XP level 5. HP: 41/41 MP: 5/5
  2346 | D:3      | Identified the +0 helmet of Karef {rN+}
  2346 | D:3      | Noticed Robin
  2371 | D:3      | Killed Robin
  2371 | D:3      | HP: 2/41 [spore (25)]
  2371 | D:3      | Slain by a goblin

Illustrated notes

Levels and vault maps discovered:
D:1:      matt_arrival_grand_opening, layout_basic,
          chequers_ecumenical_altar_simple
D:2:      layout_basic, kennysheep_jessica_study
D:3:      layout_basic, minmay_cut_off, uniq_robin, uniq_ijyb,
          uniq_crazy_yiuf_cottage

Skill      XL: |  1  2  3  4 |
---------------+-------------+-----
Long Blades    | 3 |  3.6
Fighting       | |  3.6
Armour         | |  3.8
Dodging        | |  0.4
Shields        | |  3.4

Action                   |  1- 3 |  4- 6 || total
-------------------------+-------+-------++-------
Melee: Long sword        |    65 |    99 ||   164
  Use: Potion            |     2 |     5 ||     7
       Scroll            |     2 |     3 ||     5
Armor: Scale mail        |    27 |    65 ||    92
Dodge: Dodged            |    25 |    48 ||    73
Block: Buckler           |    18 |    34 ||    52

Table legend: (Time is in decaauts)
 A = Elapsed time spent in this place.
 B = Non-inter-level travel time spent in this place.
 C = Inter-level travel time spent in this place.
 D = Time resting spent in this place.
 E = Time spent auto-exploring this place.
 F = Levels seen in this place.
 G = Mean time per level.
                   A        B        C        D        E       F      G
               +--------+--------+--------+--------+--------+-----+--------+
         Total |   2386 |   2307 |     79 |    552 |    921 |   3 |  795.3 |
       Dungeon |   2386 |   2307 |     79 |    552 |    921 |   3 |  795.3 |
               +--------+--------+--------+--------+--------+-----+--------+

Top non-repeatable levels by time:
     D:1: 1184 daAuts
     D:2: 1087 daAuts
     D:3: 114 daAuts
